 Dungeon Crawl Stone Soup version 0.17-a0-995-gb5fa8d7 (webtiles) character file.

52593 miau the Grappler (level 14, -5/88 HPs)
             Began as a Gargoyle Monk on Apr 26, 2015.
             Was a High Priest of Dithmenos.
             Slain by Rupert
             ... wielding a +5 triple sword of slicing
              (37 damage)
             ... on level 3 of the Lair of Beasts on May 12, 2015.
             The game lasted 07:29:35 (35176 turns).

miau the Grappler (Gargoyle Monk)                  Turns: 35176, Time: 07:29:36

Health: -5/88      AC: 22    Str: 18    XL:     14   Next: 64%
Magic:  23/26      EV: 19    Int: 12    God:    Dithmenos [*****.]
Gold:   1522       SH:  0    Dex: 25    Spells: 3 memorised, 23 levels left

rFire  . . .     SeeInvis .       - Unarmed
rCold  + . .     Clarity  .     K - +2 leather armour {rC+}
rNeg   + . .     SustAb   .     (no shield)
rPois  ∞         Gourm    .     y - +2 hat
rElec  +         Spirit   .     t - +0 cloak
rCorr  +         Warding  .     h - +1 pair of gloves
rMut   .         Stasis   .     M - +0 pair of boots
MR     +....                    X - amulet "Eqorroufi" {rCorr +Inv Dex+7}
Stlth  ++++++++..               f - ring of invisibility
                                l - +5 ring of dexterity

@: very slightly contaminated, wreathed by umbra, somewhat resistant to hostile
enchantments, extraordinarily stealthy
A: big wings, negative energy resistance 1, electricity resistance, unbreathing,
petrification resistance, rot immunity, AC +9
a: Fly, Shadow Step, Shadow Form, Renounce Religion, Evoke Invisibility


You were on level 3 of the Lair of Beasts.
You worshipped Dithmenos.
Dithmenos was extremely pleased with you.
You were not hungry.

You visited 2 branches of the dungeon, and saw 17 of its levels.
You also visited: Sewer and Bailey.

You collected 1731 gold pieces.
You spent 209 gold pieces at shops.

Inventory:

Hand weapons
 p - a +0 blowgun
Missiles
 e - a tomahawk of returning
 j - 244 stones (quivered)
 q - 18 poisoned needles
 N - 9 tomahawks
 Y - 5 needles of confusion
Armour
 h - a +1 pair of gloves (worn)
 t - a +0 cloak (worn)
 y - a +2 hat (worn)
 F - the cursed +3 crown of Eternal Torment {rTorment HP-- rN+++ SInv Curse}
   (You found it on level 3 of the Lair of Beasts)

   It renders you almost immune to negative energy.
   It enhances your eyesight.
   It may re-curse itself when equipped.
   It has a curse placed upon it.
 K - a +2 leather armour of cold resistance (worn)
 M - a +0 pair of boots (worn)
 O - a +1 robe of magic resistance
Jewellery
 b - an uncursed ring of see invisible
 d - an uncursed ring of ice
 f - a ring of invisibility (right hand)
 l - a +5 ring of dexterity (left hand)
 o - an uncursed amulet of resist mutation
 D - an uncursed ring of teleportation
 H - an uncursed ring of wizardry
 P - an uncursed amulet of guardian spirit
 T - an uncursed amulet of warding
 X - the amulet "Eqorroufi" (around neck) {rCorr +Inv Dex+7}
   (You found it on level 5 of the Lair of Beasts)

   [amulet of resist corrosion]

   It protects you from acid and corrosion.
   It affects your dexterity (+7).
   It lets you turn invisible.
Magical devices
 a - a wand of confusion (15)
 i - a wand of heal wounds (3)
 r - a wand of lightning (9)
 E - a wand of digging (14)
 G - a wand of invisibility (0)
 U - a wand of teleportation (1)
 V - a wand of confusion (15)
Scrolls
 c - a scroll of teleportation
 g - 8 scrolls of identify
 n - 3 scrolls of noise
 v - a scroll of magic mapping
 B - 3 scrolls of fear
 L - 2 scrolls of fog
 Q - 2 scrolls of remove curse
 W - a scroll of recharging
 Z - 2 scrolls of enchant weapon
Potions
 m - 2 potions of lignification
 s - a potion of restore abilities
 u - 4 potions of brilliance
 w - 5 potions of curing
 x - a potion of agility
 z - 4 potions of flight
 A - a potion of might
 C - 6 potions of heal wounds
 R - 2 potions of resistance
Books
 I - a book of Battle

   Spells                             Type                      Level
   a - Infusion                       Charms                       1
   b - Shroud of Golubria             Charms/Translocation         2
   c - Song of Slaying                Charms                       2
   d - Spectral Weapon                Hexes/Charms                 3
   e - Regeneration                   Charms/Necromancy            3
Comestibles
 k - 10 meat rations
 J - 5 chunks of flesh
 S - 17 fruits


   Skills:
 - Level 10.0 Fighting
 - Level 10.0 Throwing
 + Level 6.0 Armour
 - Level 7.0 Dodging
 - Level 9.0 Stealth
 - Level 10.0 Unarmed Combat
 + Level 8.2 Spellcasting
 + Level 7.6 Charms
 + Level 7.2 Invocations
 * Level 7.3 Evocations


You had 23 spell levels left.
You knew the following spells:

 Your Spells              Type           Power        Failure   Level  Hunger
a - Infusion              Chrm           ###...       1%          1    None
r - Regeneration          Chrm/Necr      ##........   12%         3    ##.....
s - Song of Slaying       Chrm           ###.....     1%          2    #......


Dungeon Overview and Level Annotations

Branches:
Dungeon (10/15)            Temple (0/1) D:6            Lair (7/8) D:9
 Shoals (0/5) Lair:6       Spider (0/5) Lair:3        Slime (0/6) Lair:7
    Orc (0/4) D:9

Altars:
Cheibriados
Dithmenos
Fedhas
Qazlal
Sif Muna
Trog
Xom
Yredelemnul

Shops:
D:8 *   D:9 [   D:10 (

Annotations:
D:3 5 exclusions, Sigmund
D:8 invisible
D:9 jellies
D:10 hill giant!
Lair:1 4-hydra!
Lair:3 Rupert! 6-hydra!, Rupert
Lair:5 exclusion: 4 oklob plants


Innate Abilities, Weirdness & Mutations

You are resistant to torment.
Your stone body is resilient (AC +9).
You are immune to poison.
Your large and strong wings let you fly indefinitely.
You resist negative energy.
You are resistant to electric shocks.
You can survive without breathing.
You are immune to petrification.
You are immune to rotting.


Message History

You are now empty-handed.
Fire/throw which item? (* to show all) (? for menu, Esc to quit)
Press: ? - help, Shift-Dir - straight line, f/p - Rupert
Aim: Rupert, wielding a triple sword of slicing and wearing a leather armour (lightly wounded, berserk, fast, unusually strong, poisoned, umbra)
You throw a tomahawk of returning. The tomahawk of returning hits Rupert!
Rupert is lightly wounded.
The tomahawk of returning returns to your pack!
Rupert rages.
Rupert hits you with a triple sword of slicing!!
Your skin stops crawling.
Casting: Regeneration
Confirm with . or Enter, or press ? or * to list all spells.
Your skin crawls.
Rupert hits you but does no damage. Rupert hits you but does no damage.
Your skin is crawling a little less now.
You see here 2 poisoned needles.
Rupert hits you with a triple sword of slicing!!
Your skin stops crawling.
Rupert hits you with a triple sword of slicing!!!
You die...

.......## ####...#...##....#...#
.....#..###.#..###...#.#..@....##
.....<..........#....#...#..F...#
........#.##.##.#....##..###...#.
.#P..##.#######.##....#..#.###...
####.#### #....##.##.#...#.P.
P###...# #.P...#..#...###.#.
.....#.# #.##.....##..##....
..###### ##.@#...#..#...#.... ###
#..#@....#.....#..#. .#
##.#.....##.#.##.#.. .#
##(##.##.#..#.#..... ##
#......###..#..#.... # ###...#P#
####..##..# . ##.#..#.##
#..#...#.P# ########
##......######...###.P.
..#.##.####..........#...###.#...


You could see Rupert (berserk).

Vanquished Creatures
  Snorg (Lair:3)
  Erolcha (D:10)
  Fannar (Lair:2)
  Harold (Lair:4)
  5 hydras
  A catoblepas (Lair:6)
  An oklob plant (Lair:4)
  A wolf spider (Lair:3)
  5 black mambas
  22 elephants
  14 komodo dragons
  10 spiny frogs
  4 fire drakes
  A jumping spider (Lair:3)
  A slime creature (Lair:7)
  34 blink frogs
  A wraith (D:10)
  6 basilisks
  47 yaks
  A steam dragon (Lair:7)
  7 hippogriffs
  4 wolves (Lair:4)
  A warg (D:9)
  18 water moccasins
  2 spiders (Lair:3)
  8 orc warriors
  14 porcupines
  A sky beast (D:8)
  A phantom (D:9)
  6 ogres
  2 black bears
  An eye of draining (D:10)
  5 ice beasts
  6 removed
  MONS_BORING_BEETLEs (D:9)
  5 centaurs
  11 crocodiles
  19 giant frogs
  5 big kobolds
  2 scorpions
  8 wights
  An electric eel (Lair:1)
  7 crimson imps
  2 giant frog zombies
  A quasit (D:7)
  8 hounds
  5 jellies
  9 orc priests
  3 giant frog skeletons
  7 orc wizards
  16 iguanas
  5 worker ants
  42 sheep
  A hound skeleton (D:5)
  17 gnolls
  2 worker ant zombies
  47 river rats
  18 adders
  2 shadow imps
  An ooze (Sewer)
  An adder zombie (D:5)
  2 worms
  An adder skeleton (D:5)
  48 orcs
  2 ball pythons (Sewer)
  13 bats
  2 bat skeletons
  A bat zombie (D:7)
  30 goblins
  32 hobgoblins
  26 jackals
  32 kobolds
  5 quokkas
  5 giant cockroaches
  10 giant geckos
  5 giant newts
  19 rats
  7 ballistomycetes (D:9)
  A fungus (Lair:7)
  4 plants
724 creatures vanquished.

Vanquished Creatures (others)
  An ice beast (D:9)
  A giant spore (D:9)
  15 fungi
  4 plants
21 creatures vanquished.

Grand Total: 745 creatures vanquished

Notes
Turn   | Place    | Note
--------------------------------------------------------------
     0 | D:1      | miau, the Gargoyle Monk, began the quest for the Orb.
     0 | D:1      | Reached XP level 1. HP: 14/14 MP: 1/1
   228 | D:1      | Reached XP level 2. HP: 19/19 MP: 2/2
   822 | D:1      | Reached XP level 3. HP: 21/23 MP: 3/3
  1646 | D:1      | Reached XP level 4. HP: 21/28 MP: 4/4
  1812 | D:2      | Found a snail-covered altar of Cheibriados.
  1821 | D:2      | Found a blossoming altar of Fedhas.
  1837 | D:2      | Found a deep blue altar of Sif Muna.
  1840 | D:2      | Found a shadowy altar of Dithmenos.
  1851 | D:2      | Became a worshipper of Dithmenos the Shadowed
  1851 | D:2      | Acquired Dithmenos's first power
  2003 | D:2      | Found a bloodstained altar of Trog.
  2237 | D:2      | You fall through a shaft for 2 floors!
  2531 | D:3      | Noticed Sigmund
  2993 | D:3      | Reached XP level 5. HP: 33/33 MP: 5/5
  3060 | D:3      | Reached skill level 1 in Throwing
  3338 | D:3      | Reached skill level 5 in Unarmed Combat
  3626 | D:4      | Reached skill level 1 in Armour
  3831 | D:4      | Found a basalt altar of Yredelemnul.
  3899 | D:4      | Reached XP level 6. HP: 34/38 MP: 6/6
  3942 | D:4      | Noticed an ogre
  3956 | D:4      | Killed an ogre
  4046 | D:4      | Reached skill level 1 in Invocations
  4269 | D:4      | Noticed an ogre
  4282 | D:4      | Killed an ogre
  4282 | D:4      | Reached XP level 7. HP: 42/44 MP: 6/8
  4525 | D:5      | Entered Level 5 of the Dungeon
  4525 | D:5      | Found a blossoming altar of Fedhas.
  4722 | D:4      | Acquired Dithmenos's second power
  5451 | D:5      | Reached skill level 5 in Fighting
  5451 | D:5      | Reached skill level 6 in Unarmed Combat
  5451 | D:5      | Reached XP level 8. HP: 49/49 MP: 9/9
  5559 | D:6      | Reached skill level 5 in Stealth
  5714 | D:6      | Found a glowing drain.
  5728 | D:6      | Acquired Dithmenos's third power
  5747 | Sewer    | Entered a sewer
  5901 | Sewer    | Reached skill level 5 in Throwing
  6274 | D:6      | Found a stormy altar of Qazlal.
  6436 | D:6      | Found a staircase to the Ecumenical Temple.
  6445 | D:6      | Found a shimmering altar of Xom.
  6532 | D:6      | Reached XP level 9. HP: 51/54 MP: 10/10
  7074 | D:6      | Upgraded the game from 0.17-a0-802-g1f09329 to 0.17-a0-896-g249456b
  7317 | D:7      | Reached skill level 7 in Throwing
  7357 | D:7      | Found a flagged portal.
  7366 | Bailey   | Entered a bailey
  7618 | Bailey   | Acquired Dithmenos's fourth power
  8712 | Bailey   | Noticed an orc knight
  8712 | Bailey   | Noticed an orc warlord
  9351 | D:7      | Learned a level 1 spell: Infusion
  9535 | D:7      | Reached skill level 8 in Throwing
  9670 | D:7      | Found a bloodstained altar of Trog.
 10391 | D:7      | Reached XP level 10. HP: 58/60 MP: 9/13
 10476 | D:8      | Reached skill level 1 in Charms
 10776 | D:8      | Reached skill level 1 in Spellcasting
 11441 | D:8      | Found Ponoups's Demolitions Depot.
 12545 | D:9      | Found a staircase to the Orcish Mines.
 13370 | D:9      | Reached skill level 5 in Armour
 13433 | D:9      | Found Dohuties's Armour Emporium.
 13474 | D:9      | Bought a +2 leather armour of cold resistance for 209 gold pieces
 13549 | D:9      | Found a staircase to the Lair.
 13627 | D:9      | Learned a level 3 spell: Regeneration
 13835 | D:9      | Noticed an orc knight
 14360 | D:10     | Entered Level 10 of the Dungeon
 14418 | D:10     | Reached skill level 1 in Evocations
 14521 | D:10     | Noticed a hill giant
 15007 | D:10     | Identified a scroll of acquirement
 15218 | D:10     | Noticed Erolcha
 15274 | D:10     | Killed Erolcha
 15274 | D:10     | Reached XP level 11. HP: 42/66 MP: 15/17
 15278 | D:10     | Learned a level 2 spell: Song of Slaying
 15575 | D:10     | Noticed a fire dragon
 15642 | D:10     | Found Anighip's Weapon Shoppe.
 15744 | D:9      | Reached skill level 5 in Invocations
 15969 | Lair:1   | Entered Level 1 of the Lair of Beasts
 17434 | Lair:1   | Noticed a four-headed hydra
 18081 | Lair:1   | Upgraded the game from 0.17-a0-896-g249456b to 0.17-a0-910-ga669010
 18363 | Lair:2   | Noticed Fannar
 19016 | Lair:2   | Reached skill level 5 in Spellcasting
 19167 | Lair:2   | Reached skill level 9 in Unarmed Combat
 19477 | Lair:2   | Reached XP level 12. HP: 59/73 MP: 16/19
 19731 | Lair:2   | Killed Fannar
 19731 | Lair:2   | Reached skill level 5 in Charms
 20169 | Lair:2   | Upgraded the game from 0.17-a0-910-ga669010 to 0.17-a0-913-g36eb389
 20430 | Lair:3   | Noticed Snorg
 20474 | Lair:3   | Killed Snorg
 21370 | Lair:3   | Noticed Rupert
 22461 | Lair:3   | Reached skill level 10 in Unarmed Combat
 22892 | Lair:3   | Found a hole to the Spider Nest.
 23014 | Lair:3   | Noticed a six-headed hydra
 23315 | Lair:3   | Upgraded the game from 0.17-a0-913-g36eb389 to 0.17-a0-915-g8914353
 25066 | Lair:4   | Reached XP level 13. HP: 71/80 MP: 14/22
 25327 | Lair:4   | Noticed Harold
 25346 | Lair:4   | Killed Harold
 26206 | Lair:4   | Reached skill level 5 in Dodging
 26699 | Lair:4   | Upgraded the game from 0.17-a0-915-g8914353 to 0.17-a0-945-g601bd79
 27759 | Lair:5   | Reached skill level 5 in Evocations
 28801 | Lair:5   | Reached skill level 10 in Fighting
 29101 | Lair:5   | Got a vibrating crystal amulet
 29777 | Lair:6   | Reached skill level 10 in Throwing
 29990 | Lair:6   | Identified the amulet "Eqorroufi" {rCorr +Inv Dex+7} (You found it on level 5 of the Lair of Beasts)
 30481 | Lair:6   | Gained mutation: Your large and strong wings let you fly indefinitely. [Gargoyle growth]
 30481 | Lair:6   | Reached XP level 14. HP: 88/88 MP: 24/24
 30699 | Lair:6   | Found a staircase to the Shoals.
 31361 | Lair:6   | Upgraded the game from 0.17-a0-945-g601bd79 to 0.17-a0-986-gf45d1aa
 33877 | Lair:7   | Found a staircase to the Slime Pits.
 34094 | Lair:7   | Upgraded the game from 0.17-a0-986-gf45d1aa to 0.17-a0-995-gb5fa8d7
 34515 | Lair:4   | Noticed an eight-headed hydra
 34687 | Lair:4   | Killed an eight-headed hydra
 34899 | Lair:3   | Killed a six-headed hydra
 35176 | Lair:3   | Slain by Rupert

Vault maps used:
D:1:      dpeg_arrival_chambers_temple_mockup
D:2:      lemuel_doored_altar, grunt_temple_overflow_cloverleaf
D:3:      first_bread, minivault_14, uniq_sigmund
D:4:      overflow_temple_1_default
D:5:      fedhas_altar_2
D:6:      nicolae_qazlal_general_emergency, xom_butterflies,
          minmay_temple_entry_mist, gup_sewer_entry_glass,
          kennysheep_generic_room_14
D:7:      enter_bailey_3, basic_altar
D:8:      nicolae_blasting_shop
D:9:      erik_lair_boring, erik_orc_3, serial_shops, shop_statue
D:10:     dragon1_lemuel, serial_shops, kennysheep_mini, uniq_erolcha
Lair:1:   infiniplex_staircase_pool_2, grunt_megastairs_4, serial_bayou_shore_a
Lair:2:   lab_entry_generic, grunt_forest_large_clearings, uniq_fannar
Lair:3:   beast_lair_carwin_large_4, spider_nest_entry_funnel_web,
          guppyfry_lair_drakes, uniq_rupert, uniq_snorg
Lair:4:   uniq_harold
Lair:5:   dpeg_oklob_gauntlet, patterned_corridor
Lair:6:   minmay_shoals_entry_centaurs, beast_lair_carwin_2
Lair:7:   minmay_slime_entry_pillars
Sewer:    sewer_co_15_rooms
Bailey:   bailey_axe_minmay_hex_keep, bailey

Action                   |  1- 3 |  4- 6 |  7- 9 | 10-12 | 13-15 || total
-------------------------+-------+-------+-------+-------+-------++-------
Melee: Unarmed           |   183 |   198 |   506 |  1128 |   928 ||  2943
 Fire: Blowgun           |       |    15 |   107 |   181 |   170 ||   473
Throw: Stone             |    17 |   120 |   305 |   530 |   294 ||  1266
       Tomahawk          |     2 |     2 |    15 |    26 |     8 ||    53
       Javelin           |       |       |    60 |    13 |       ||    73
 Cast: Infusion          |       |       |     7 |   100 |    78 ||   185
       Song of Slaying   |       |       |       |     8 |    12 ||    20
       Regeneration      |       |       |       |     2 |    12 ||    14
Invok: Shadow Step       |       |     1 |       |       |     2 ||     3
       Shadow Form       |       |       |     1 |     1 |       ||     2
 Abil: Evoke Invisibilit |       |       |       |     1 |    14 ||    15
       Stop Singing      |       |       |       |     1 |     3 ||     4
       Turn Visible      |       |       |       |       |    12 ||    12
Evoke: Wand              |       |       |     3 |     1 |     1 ||     5
  Use: Scroll            |     3 |     4 |     4 |     9 |     2 ||    22
       Potion            |       |     4 |     8 |     7 |       ||    19
 Stab: Sleeping          |     1 |     6 |    18 |    32 |    19 ||    76
       Distracted        |       |       |     6 |     2 |    12 ||    20
       Invisible         |       |       |     1 |       |    14 ||    15
       Petrified         |       |       |       |       |     4 ||     4
  Eat: Chunk             |     2 |    10 |    17 |    39 |    26 ||    94
       Beef jerky        |       |       |     1 |     1 |     1 ||     3
       Pizza             |       |       |     1 |     1 |       ||     2
       Fruit             |       |       |       |     7 |     4 ||    11
       Bread ration      |       |       |       |       |     2 ||     2
